 Dungeon Crawl Stone Soup version 0.29-a0-315-gaf6dd05e2f (webtiles) character file.

Game seed: 5760369895469422614

3284 wakim the Basher (level 9, -3/79 HPs)
             Began as a Palentonga Fighter on Mar 29, 2022.
             Was an Initiate of Yredelemnul.
             Killed from afar by an acid dragon (20 damage)
             ... with a splash of acid
             ... on level 7 of the Dungeon.
             The game lasted 00:20:40 (5528 turns).

wakim the Basher (Palentonga Fighter)               Turns: 5528, Time: 00:20:40

Health: -3/79      AC: 17    Str: 23    XL:     9   Next: 69%
Magic:  0/13       EV:  5    Int: 15    God:    Yredelemnul [......]
Gold:   295        SH:  4    Dex: 11    Spells: 8/8 levels left

rFire   . . .      SeeInvis +   b - +0 whip (elec)
rCold   . . .      Faith    .   c - +0 buckler
rNeg    . . .      Spirit   +   U - +0 scale mail
rPois   .          Reflect  .   K - +1 helmet
rElec   .          Harm     .   (no cloak)
rCorr   .          Rampage  .   P - +0 pair of gloves
Will    .....                   Q - +0 barding
Stlth   ..........              Y - amulet "Poezxusmio" {Spirit Regen+ Int+7}
HPRegen 1.03/turn               B - ring of wizardry
MPRegen 0.13/turn               s - ring of flight

@: corroded, flying, curled up
A: large, rugged brown scales 3, see invisible, deformed body, roll 1, armoured
tail, reflexive curl
a: Rolling Charge, Renounce Religion, Recall Undead Harvest


You were on level 7 of the Dungeon.
You worshipped Yredelemnul.
Yredelemnul was noncommittal.
You visited 2 branches of the dungeon, and saw 8 of its levels.

You collected 295 gold pieces.

Inventory:

Hand Weapons
 a - a +1 mace of venom
 b - a +0 whip of electrocution (weapon)
 y - a +5 dire flail
 A - a +0 morningstar
Missiles
 R - 9 poisoned darts (quivered)
 T - 3 curare-tipped darts {=f}
Armour
 c - a +0 buckler (worn)
 K - a +1 helmet (worn)
 P - a +0 pair of gloves (worn)
 Q - a +0 barding (worn)
 U - a +0 scale mail (worn)
Jewellery
 s - a ring of flight (right hand)
 B - a ring of wizardry (left hand)
 Y - the amulet "Poezxusmio" (around neck) {Spirit Regen+ Int+7}
   (You acquired it on level 2 of the Dungeon)

   [amulet of guardian spirit]

   It causes incoming damage to be divided between your reserves of health and
   magic.
   Int:       It affects your intelligence (+7).
   Regen:     It increases your rate of health regeneration.
Wands
 t - a wand of digging (5)
 w - a wand of acid (9)
 x - a wand of iceblast (2)
 z - a wand of polymorph (7)
Scrolls
 r - a scroll of identify
 u - a scroll of holy word {unknown}
 v - a scroll of magic mapping {unknown}
 C - a scroll of fear {unknown}
 G - 2 scrolls of enchant armour {unknown}
 J - a scroll of enchant weapon {unknown}
 N - a scroll of blinking {unknown}
 S - 2 scrolls of immolation {unknown}
 V - a scroll of vulnerability {!r!r}
 W - 3 scrolls of teleportation {unknown}
 X - 2 scrolls of fog
 Z - 2 scrolls of silence {!r}
Potions
 D - a potion of brilliance {unknown}
 E - a potion of cancellation
 F - a potion of curing
 H - a potion of haste
 I - a potion of ambrosia {unknown}
 L - 2 potions of lignification {!q}
 M - 2 potions of mutation {!q}
 O - 2 potions of resistance


   Skills:
 + Level 7.9 Fighting
 * Level 8.8 Maces & Flails
 - Level 2.4 Armour
 - Level 2.4 Shields
 + Level 5.9 Invocations
 - Level 5.0 Evocations


You had 8 spell levels left.
You didn't know any spells.
Your spell library contained the following spells:

 Spells                   Type           Power      Damage    Failure   Level
 Foxfire                  Conj/Fire      0%         2x1d4     32%         1
 Call Canine Familiar     Summ           0%         N/A       67%         3
 Confusing Touch          Hex            0%         N/A       67%         3
 Conjure Flame            Conj/Fire      0%         6-21      67%         3
 Frozen Ramparts          Ice            0%         1d2       67%         3
 Ignite Poison            Fire/Tmut/Pois 0%         N/A       67%         3
 Inner Flame              Hex/Fire       0%         N/A       67%         3
 Mephitic Cloud           Conj/Pois/Air  0%         N/A       67%         3
 Ozocubu's Armour         Ice            0%         N/A       67%         3
 Portal Projectile        Hex/Tloc       0%         N/A       67%         3
 Flame Wave               Conj/Fire      0%         2d4       96%         4
 Ice Form                 Ice/Tmut       0%         N/A       96%         4
 Leda's Liquefaction      Hex/Erth       0%         N/A       96%         4
 Summon Ice Beast         Ice/Summ       0%         N/A       96%         4
 Freezing Cloud           Conj/Ice/Air   0%         6-21      100%        5
 Metabolic Englaciation   Hex/Ice        0%         N/A       100%        5
 Yara's Violent Unravell  Hex/Tmut       0%         3d3       100%        5
 Simulacrum               Ice/Necr       0%         N/A       100%        6
 Enfeeble                 Hex            0%         N/A       100%        7


Dungeon Overview and Level Annotations

Branches:
Dungeon (7/15)             Temple (1/1) D:4

Altars:
Ashenzari
Cheibriados
Dithmenos
Elyvilon
Fedhas
Gozag
Hepliaklqana
Kikubaaqudgha
Makhleb
Nemelex Xobeh
Okawaru
Qazlal
Ru
Sif Muna
Trog
Uskayaw
Vehumet
Wu Jian
Xom
Yredelemnul
Zin
The Shining One

Shops:
D:1 [


Innate Abilities, Weirdness & Mutations

You are completely covered in rugged brown scales. (AC +3, +7% HP)
You have supernaturally acute eyesight. (SInv)
Armour fits poorly on your strangely shaped body.
You can roll at nearby foes to attack.
You have a long armoured tail.
You curl defensively after being hit. (AC +7*)


Message History

Your black bear zombie claws something. 36/79 (+1)
You whack the ogre!
You kill the ogre!
Something bites your black bear zombie! Something claws your black bear zombie.
Your black bear zombie bites something but does no damage.
Your black bear zombie barely misses something. x2 37/79 (+1)
Something bites your black bear zombie! Something claws your black bear zombie.
You see here a +0 giant club. 38/79 (+1)
You swap places.
The acid dragon spits acid at you. The splash of acid hits you!!
* * * LOW HITPOINT WARNING * * *
The acid corrodes you! 9/79 (-29)
The acid dragon attacks as you move away!
The acid dragon bites you but does no damage.
The acid dragon claws you but does no damage.
Your black bear zombie misses the acid dragon.
Your black bear zombie claws the acid dragon but does no damage.
Your black bear zombie claws the acid dragon.
You see here a +0 giant club. 10/79 (+1)
Your black bear zombie bites the acid dragon but does no damage.
Your black bear zombie claws the acid dragon.
Your black bear zombie closely misses the acid dragon. 11/79 (+1)
The acid dragon bites you.
* * * LOW HITPOINT WARNING * * *
The acid dragon claws you but does no damage.
Your black bear zombie bites the acid dragon but does no damage.
Your black bear zombie barely misses the acid dragon. x2 8/79 (-3)
You feel better. The acid dragon spits acid at you.
The splash of acid hits you!!
You die...
Your body rises from the dead as a mindless zombie.

...##......#.....).....######.###
....#......#.###..####.#...9..<..
....#......#..#........#.........
....+......##...##....##.o.......
#####.......##..##...##.#+####+##
.............##.....##.....##..##
..........)...###.###......#.....
................DZ.........'.....
......>.........@..........#.....
...........................#.....
......#############........#.....
......# ##########...## ......#
#....## ......# #......
......######## #......
######.......# #......
.......#.....# #......


You could see an acid dragon (catching breath, ally target) and a friendly black
bear zombie.

Vanquished Creatures
  A death knight (D:7)
  Sigmund (D:3)
  A yak (D:7)
  A wraith (D:7)
  A vampire mosquito (D:7)
  2 ice beasts (D:5)
  2 black bears
  An ogre (D:7)
  A centaur (D:7)
  2 bullfrogs
  3 scorpions
  6 wights
  2 howler monkeys (D:6)
  A hound (D:5)
  3 jellies
  2 iguanas
  Terence (D:2)
  5 orc wizards
  Robin (D:3)
  8 gnolls
  2 adders
  A shadow imp (D:7)
  A white imp (D:6)
  An ufetubus (D:6)
  A worm (D:2)
  3 dart slugs
  11 orcs
  3 endoplasms
  A giant cockroach (D:2)
  9 goblins
  3 hobgoblins
  12 jackals
  5 quokkas
  5 ball pythons
  2 bats (D:2)
  A frilled lizard (D:1)
  6 kobolds
  6 rats
118 creatures vanquished.

Vanquished Creatures (collateral kills)
  A troll (D:7)
  A black bear (D:7)
  A phantom (D:7)
  A dart slug (D:5)
4 creatures vanquished.

Vanquished Creatures (others)
  A vampire mosquito zombie (D:7)
  A yak zombie (D:7)
  A bullfrog zombie (D:7)
  An orc wizard (D:7)
  An orc zombie (D:7)
  A spectral shadow imp (D:7)
  A spectral ufetubus (D:6)
  17 plants (D:5)
24 creatures vanquished.

Grand Total: 146 creatures vanquished

Notes
Turn   | Place    | Note
-------+----------+-------------------------------------------
     0 | D:1      | wakim the Palentonga Fighter began the quest for the Orb.
     0 | D:1      | Reached XP level 1. HP: 19/19 MP: 1/1
    49 | D:1      | Found Lahuick's Antique Armour Shoppe.
   241 | D:1      | Reached XP level 2. HP: 24/25 MP: 2/2
   324 | D:1      | !bestwep
   512 | D:1      | !bestwep
   716 | D:1      | Found a faded altar of an unknown god.
   792 | D:2      | Reached XP level 3. HP: 8/32 MP: 3/3
  1119 | D:2      | Identified a scroll of acquirement
  1120 | D:2      | Acquired the amulet "Poezxusmio" {Spirit Regen+ Int+7}
  1292 | D:2      | Reached skill level 3 in Maces & Flails
  1418 | D:2      | Reached XP level 4. HP: 33/39 MP: 1/4
  1497 | D:2      | Noticed Terence
  1535 | D:2      | Killed Terence
  2064 | D:3      | Noticed Sigmund
  2072 | D:3      | Killed Sigmund
  2073 | D:3      | Reached skill level 5 in Fighting
  2073 | D:3      | Reached skill level 4 in Maces & Flails
  2073 | D:3      | Reached XP level 5. HP: 40/47 MP: 5/5
  2073 | D:3      | Reached XP level 6. HP: 46/54 MP: 6/6
  2094 | D:3      | Noticed Robin
  2111 | D:3      | HP: 2/54 [Robin/+0 whip of electrocution (15)]
  2114 | D:3      | Killed Robin
  2485 | D:3      | Reached skill level 5 in Maces & Flails
  2634 | D:4      | !bestwep
  2689 | D:4      | Found a staircase to the Ecumenical Temple.
  2934 | Temple   | Entered the Ecumenical Temple
  2977 | Temple   | Became a worshipper of Yredelemnul the Dark
  3133 | D:5      | Entered Level 5 of the Dungeon
  3147 | D:5      | Gained mutation: You curl defensively after being hit. (AC
                  | +7*) [Palentonga growth]
  3147 | D:5      | Reached XP level 7. HP: 60/62 MP: 5/7
  3189 | D:5      | !bestwep
  3254 | D:5      | Reached * piety under Yredelemnul
  3255 | D:5      | Reached skill level 1 in Invocations
  3407 | D:5      | Reached ** piety under Yredelemnul
  3425 | D:5      | Reached skill level 6 in Maces & Flails
  3425 | D:5      | Reached skill level 1 in Evocations
  3548 | D:5      | Reached *** piety under Yredelemnul
  3793 | D:5      | Found a shimmering blue altar of Sif Muna.
  4004 | D:6      | Reached XP level 8. HP: 69/69 MP: 9/9
  4151 | D:6      | !bestwep
  4583 | D:6      | !bestwep
  4677 | D:7      | Reached skill level 7 in Maces & Flails
  4834 | D:7      | Noticed a gargoyle
  5251 | D:7      | Identified the +12 rapier "Agado" {venom, Stlth+}
  5256 | D:7      | !bestwep
  5414 | D:7      | Reached XP level 9. HP: 75/77 MP: 8/11
  5471 | D:7      | Noticed a troll
  5475 | D:7      | Noticed a death knight
  5479 | D:7      | Killed a troll
  5480 | D:7      | Reached skill level 8 in Maces & Flails
  5502 | D:7      | Killed a death knight
  5503 | D:7      | Reached skill level 5 in Invocations
  5503 | D:7      | Reached skill level 5 in Evocations
  5528 | D:7      | Killed from afar by an acid dragon

Illustrated notes ...... .# ...... #.# w ......##.# .# # .......?.###.#... ................. ### ................ ..# ...............) ..+ #.@..#..# #. ..# #.#.....#... ..# ##+#.#......... ..# ............... ..# ........)...... ..###### ............... ###....# ###+#+#.####.#.# ###....##..##.#.#†# .# # ..'...............# # Turn 324 on D:1: !bestwep ####### ...... #....# #....# ... ..#....# . ..# ###+#.#....## ... ..#...#.....#.....#....$ ..##..#.....#...@.....# .. .........#...#.#.#.# .####.......#...#.# †#..........#.###.# .............># .# ..............###.. ....†..###......### .#.#............... .#..............### Turn 512 on D:1: !bestwep .. ..# .###. ... [....# .......... .....###.#...(.... <..#...#........ #....##........ ##...###.......$ #..@.........# ###†....<....# #.......<....# ...............# ..##.......#....... . ##.........#.... .....##....# .#. .....###).... # ..... #..#.## Turn 2634 on D:4: !bestwep #...........# #.<#####.##.# #..# #.# # #[.# #.# #..# #.# #..# #.. #Z.#####.# #........# #@####.### #)# #.# #.. ### Turn 3189 on D:5: !bestwep #.## ## ####... #..# #. ....... ##.##♣ ♣##. .!).... #..### ###.. ....≈.. ##...###.... .......## ###.......## .≈≈.....# #..........# .≈≈.....#####.###......# .......@)............#.# ....≈.ZZZ####.####.###.. .......Z.# #.# #.##... ............... #...... ..#..[........## ####... .#.......###..# ##.. ...#.#.### #..# #.# .....#[ #..# #.# #...... #.. Turn 4151 on D:6: !bestwep

...>......#..[........##.####....
###..##..#.......###..##.# ##Z..
)zz.z.#....#.#.### #..##.# #.#.
#####.#......#[# #..##.# #.#.
#.#.#......# #..##.#####...
#..zz......# #.....Z.Z....#
###########.##.# #.##########..
#...#######.##.#####.###########.
..#...Z..Z..##.)@..°..........Z..
#...#######.########.############
##### #..........# ############


Turn 4583 on D:6: !bestwep #.................. #..................
#.................. #########'#......## #........#......#. #........#......#.
#........#......#. #ZZ.##...#........ #@..##...#...^.... #........+.......#
#........#......## #........#.....## #........'....## #...##...#....#
#...##...#....# #........#....# #........#....# Turn 5256 on D:7: !bestwep

Levels and vault maps discovered:
D:1:      eino_arrival_cavern_a, layout_basic, chequers_ecumenical_altar_grove,
          serial_shops, shop
D:2:      layout_basic, uniq_terence
D:3:      layout_rooms, uniq_robin, uniq_sigmund
D:4:      layout_cave_pools, temple_doors_e, minmay_misc_feat_roman
D:5:      layout_loops_ring, mainiacjoe_overflow_chevrons
D:6:      cheibrodos_iron_armory, layout_loops_ring, skrybe_limestone_x
D:7:      minmay_the_grid_octo_triangle [minmay_the_grid_octo_clover_2,
          minmay_the_grid_octo_prize_square_snowflake,
          minmay_the_grid_octo_tetromino_candy], layout_gridville,
          minmay_tree_intersection
Temple:   grunt_wide_crystal_templ

Skill      XL: |  1  2  3  4  5  6  7  8  9 |
---------------+----------------------------+-----
Maces & Flails | 3 4 5 6 7 8 |  8.8
Fighting       | 4 5 6 7 |  7.9
Invocations    | 2 3 5 |  5.9
Evocations     | 2 4 5 |  5.0
Armour         | |  2.4
Shields        | |  2.4

Action                   |  1- 3 |  4- 6 |  7- 9 || total
-------------------------+-------+-------+-------++-------
Melee: Flail             |    56 |    96 |       ||   152
       Tailslap          |     8 |    15 |    34 ||    57
       Mace              |    52 |       |       ||    52
       Whip              |       |    22 |   202 ||   224
Throw: Dart              |       |       |     4 ||     4
Invok: Recall Undead Har |       |       |     2 ||     2
 Abil: Rolling Charge    |    18 |    21 |    22 ||    61
Evoke: Wand              |       |       |     1 ||     1
  Use: Scroll            |     7 |     1 |     5 ||    13
       Potion            |       |     2 |     5 ||     7
Armor: Scale mail        |    68 |    72 |   121 ||   261
Dodge: Dodged            |    39 |    30 |    42 ||   111
Block: Buckler           |    17 |    29 |    30 ||    76

Table legend: (Time is in decaauts)
 A = Elapsed time spent in this place.
 B = Non-inter-level travel time spent in this place.
 C = Inter-level travel time spent in this place.
 D = Time resting spent in this place.
 E = Time spent auto-exploring this place.
 F = Levels seen in this place.
 G = Mean time per level.
                   A        B        C        D        E       F      G
               +--------+--------+--------+--------+--------+-----+--------+
         Total |   5510 |   5276 |    234 |      0 |   4016 |   8 |  688.8 |
       Dungeon |   5453 |   5231 |    222 |      0 |   3990 |   7 |  779.0 |
        Temple |     56 |     44 |     12 |      0 |     26 |   1 |   56.0 |
               +--------+--------+--------+--------+--------+-----+--------+

Top non-repeatable levels by time:
     D:2: 1270 daAuts
     D:7: 878 daAuts
     D:1: 794 daAuts
     D:5: 784 daAuts
     D:6: 663 daAuts
     D:3: 649 daAuts
     D:4: 411 daAuts
  Temple: 56 daAuts
